cohdb
Replays
Latest Replays
All Replays
Popular Replays
Top Player Replays
Match Explorer
How It Works
Community
CoH3 Stats
Reddit
Sign in to upload your games and track your stats! →
Sign in with Steam
Match 44156013
Unlisted
Match 44156013
Overview
Messages
Build Orders
End
Construct Section Command Post
Royal Engineer Section
Selects Heavy Armor Battlegroup
Infantry Section
Dingo Light Scout Car
Infantry Section
Construct Platoon Command Post
Selects Light Vehicle Withdraw and Refit
Humber Armored Car
Humber Armored Car
Infantry Section
Selects UNKNOWN (202330)
Humber Armored Car
Royal Engineer Section
6-pounder Anti-tank Gun Team
6-pounder Anti-tank Gun Team
Selects Rigorous Vehicle Training
Selects Forward Repair Assembly
Infantry Section
Infantry Section
Construct Company Command Post
Crusader AA Medium Tank
Selects Recon Artillery
Recon Artillery
Selects UNKNOWN (2162094)
Foot Guards Section
Churchill IV Heavy Tank
Foot Guards Section
Recon Artillery
Churchill IV Heavy Tank
Royal Engineer Section
Churchill IV Heavy Tank
Recon Artillery
Royal Engineer Section
Royal Engineer Section
BinkyBoi
孤城叶枫
Colonial Marines
CareFull
King Raptor
SHELDONATOR
noyan
Ameaki__Momiji
0
0
Comments
sign in to comment!
No comments posted yet!